 Crawl Stoat Soup version 0.22-s0-37-g3e08518008 (console) character file.

13 hilarita the Caller (level 2, -5/20 HPs)
             Began as a Centaur Summoner on Jan 19, 2020.
             Slain by a gnoll
             ... wielding a +0 flail
              (6 damage)
             ... on level 1 of the Dungeon.
             The game lasted 00:02:32 (1119 turns).

hilarita the Caller (Centaur Summoner)              Turns: 1119, Time: 00:02:33

Health: -5/20      AC:  5    Str: 10    XL:     2   Next: 24%
Magic:  0/4        EV:  9    Int: 14    God:
Gold:   67         SH:  0    Dex:  9    Spells: 3/4 levels left

rFire    . . .     SeeInvis .   (no weapon)
rCold    . . .     Gourm    .   (no shield)
rNeg     . . .     Faith    .   a - +0 robe
rPois    .         Spirit   .   h - +0 helmet
rElec    .         Warding  .   (no cloak)
rCorr    .         Reflect  .   (no gloves)
MR       .....     Harm     .   (no barding)
Stlth    +.........             (no amulet)
HPRegen  0.06/turn              (no ring)
MPRegen  0.09/turn              (no ring)

@: very quick
A: large, hooves 3, deformed body, speed 2, tough skin 3
a: no special abilities


You were on level 1 of the Dungeon.
You were hungry.

You visited 1 branch of the dungeon, and saw 2 of its levels.

You collected 67 gold pieces.

Inventory:

Hand Weapons
 j - a +0 dagger
Missiles
 g - 6 javelins (quivered)
Armour
 a - a +0 robe (worn)
 h - a +0 helmet (worn)
 n - a cursed +0 ring mail
Scrolls
 i - a scroll of remove curse
 k - a scroll of amnesia
Potions
 d - 2 potions of curing {unknown}
 e - a potion of resistance {unknown}
 f - a potion of invisibility {unknown}
Comestibles
 b - 2 meat rations
 c - a bread ration


   Skills:
 - Level 1.3 Dodging
 - Level 1.1 Stealth
 - Level 1.5 Spellcasting
 + Level 4.2 Summonings


You had 3 spell levels left.
You knew the following spells:

 Your Spells              Type           Power        Failure   Level  Hunger
a - Summon Small Mammal   Summ           ##..         4%          1    ##.....

Your spell library contained the following spells:

 Spells                   Type           Power        Failure   Level  Hunger
 Call Imp                 Summ           ##......     7%          2    ###....
 Call Canine Familiar     Summ           ##......     13%         3    ####...
 Summon Guardian Golem    Hex/Summ       #.......     32%         3    ####...
 Summon Ice Beast         Ice/Summ       #.......     71%         4    #####..
 Summon Lightning Spire   Summ/Air       #.......     71%         4    #####..


Dungeon Overview and Level Annotations

Branches:
Dungeon (2/15)

Altars:

Annotations:
D:2 Robin


Innate Abilities, Weirdness & Mutations

You have hooves in place of feet.
Armour fits poorly on your strangely shaped body.
You cover ground very quickly.
You have extremely tough skin. (AC +3)


Message History

* * * LOW HITPOINT WARNING * * *
Your bat barely misses the gnoll. x2
Your bat hits the gnoll but does no damage.
Your weasel barely misses the gnoll.
Your bat closely misses the gnoll.
Your weasel closely misses the gnoll.
Your bat barely misses the gnoll.
Something hits your bat.
Your bat dies!
Your bat's corpse disappears in a puff of smoke!
Casting: Summon Small Mammal (safe; 4% risk of failure)
Confirm with . or Enter, or press ? or * to list all spells.
You are feeling hungry.
Your weasel bites the gnoll.
Unknown command.
Your weasel bites the gnoll.
Your weasel bites the gnoll.
Casting: Summon Small Mammal (safe; 4% risk of failure)
Confirm with . or Enter, or press ? or * to list all spells.
The gnoll hits your weasel with a spear.
Your weasel bites the gnoll.
The gnoll hits you with a flail.
You die...

#.### ###.#..######.# #.#
######.#.#..# #.# #.#
#...........# ##.## #.#
#.##.....##.#####...### #.#
#.#..................(#
#.###.##..............(..(#
#.....###....##.........(.#
#####.#
##.#.##...).....#.#######
#.# #.#.#####.#.#...........
#.##
#.#.........##.#.#######
#..# #.#..##@##.......# #
##.# #.#>.###g#..##.#.# ##
######.###.#..# ##h..#.##.#
#. #......)......#
##g..###.# #.
#.####.....##.#####.h§....##
#. #.#
#..#####.....>.§.#....#####.
#.#
#..#####.#....§.§...........
..#
#.....##.#..####.#.....#####
###
##.##........).......#...>..
#.#####....########.#######
#.########.########.#


You could see 2 gnolls and 2 friendly weasels.

Vanquished Creatures
  2 hobgoblins (D:1)
  2 bats (D:1)
  4 kobolds (D:1)
  A rat (D:1)
9 creatures vanquished.

Vanquished Creatures (collateral kills)
  3 goblins (D:1)
  A kobold (D:1)
4 creatures vanquished.

Vanquished Creatures (others)
  4 toadstools (D:1)
4 creatures vanquished.

Grand Total: 17 creatures vanquished

Notes
Turn   | Place    | Note
-------+----------+-------------------------------------------
     0 | D:1      | hilarita the Centaur Summoner began the quest for the Orb.
     0 | D:1      | Reached XP level 1. HP: 14/14 MP: 3/3
   410 | D:1      | Reached skill level 4 in Summonings
   470 | D:1      | Reached XP level 2. HP: 14/20 MP: 4/4
  1108 | D:2      | Noticed Robin
  1112 | D:1      | HP: 1/20 [gnoll/spear (5)]
  1119 | D:1      | Slain by a gnoll

Vault maps used:
D:1:      ldierk_walled_garden_2
D:2:      overflow_temple_1_default, uniq_robin, uniq_natasha,
          uniq_crazy_yiuf_cottage

Skill      XL: |  1 |
---------------+----+-----
Summonings     | 4 |  4.2
Dodging        | |  1.3
Stealth        | |  1.1
Spellcasting   | |  1.5

Action                   || total
-------------------------++-------
Melee: Unarmed           ||    55
       Kick              ||     6
 Cast: Summon Small Mamm ||    16
  Use: Scroll            ||     7
 Stab: Distracted        ||     1
Armor: Robe              ||    32
Dodge: Dodged            ||    22

Table legend:
 A = Spawn XP
 B = Non-spawn XP
 C = Spawn XP percentage of total XP
 D = Spawn monster count
 E = Non-spawn monster count
 F = Spawn count percentage of total count
 G = Total turns spent on level
                    A         B        C        D         E        F      G
               +---------+---------+-------+---------+---------+-------+---------
         Total |       2 |      17 |  10.5 |       1 |      12 |   7.7 |  1119
               +---------+---------+-------+---------+---------+-------+---------
           D:1 |       2 |      17 |  10.5 |       1 |      12 |   7.7 |  1117
               +---------+---------+-------+---------+---------+-------+---------
